[Event "*** SCC Grand Prix: Titled Tuesday Blitz"]
[Site "Chess.com"]
[Date "2020.07.14"]
[Round "1"]
[White "1f3_2g41-0"]
[Black "baki83"]
[Result "1-0"]
[WhiteElo "2409"]
[BlackElo "2744"]
[TimeControl "180+1"]
[EndTime "10:08:46 PDT"]
[Termination "1f3_2g41-0 won on time"]

1. e4 c5 2. Nf3 d6 3. d4 cxd4 4. Nxd4 Nf6 5. Nc3 a6 6. h3 Nc6 7. g4 e6 8. Bg2 Qb6 9. Be3 Qxb2 10. Na4 Qa3 11. c3 Nxd4 12. Bc1 Qxc1 13. Rxc1 Nc6 14. Nb6 Rb8 15. O-O Be7 16. Qb3 O-O 17. Rfd1 Nd7 18.
Nxd7 Bxd7 19. Qb6 Rfc8 20. Kh1 Bg5 21. Rb1 Bf4 22. a3 h6 23. c4 Be8 24. c5 dxc5 25.
Qxc5 Ne5 26. Qe7 Bc6 27. Qb4 Rd8 28. Qe7 Rdc8 29. Qb4 Rd8 30. Qa5 Nd3 31. Kg1 Rd7 32. Rb3 Rbd8 33. Bf1 Ne5 34. Rxd7 Rxd7 35. Bg2 Rd1+ 36.
Bf1 Bb5 37. Rxb5 axb5 38. Qxb5 Kh7 39. Qe2 Rd2 40. Qb5 Ra2 41. Qxb7 Rxa3 42. Qb4 Ra1 43. Qb2 Re1 44. Qc3 Rc1 45. Qb2 Nf3+ 46. Kg2 Nh4+ 47. Kg1 Nf3+ 48. Kg2 Ng5 49. h4 Nxe4 50. Bd3 f5 51. gxf5 exf5 52. Qb5 Rc5 53. Qe8 Re5 54. Qf7 Nf6 55. Qf8 Bd2 56. Qd8 Bc3 57.
Qc7 Bd4 58. Qc8 Kg6 59. h5+ Kg5 60. Qc1+ Kxh5 61. Qf4 g5 62. Qxd4 Rd5 63. Qxf6 Rxd3 64. Qxf5 Ra3 65. Qf7+ Kh4 66. Qc4+ g4 67. Qf4 Ra6 68.
Qh2+ 1-0

[Event "*** SCC Grand Prix: Titled Tuesday Blitz"]
[Site "Chess.com"]
[Date "2020.07.14"]
[Round "1"]
[White "enzovsky"]
[Black "Chuchofrio1"]
[Result "1-0"]
[WhiteElo "2518"]
[BlackElo "2181"]
[TimeControl "180+1"]
[EndTime "10:08:49 PDT"]
[Termination "enzovsky won on time"]

1. e4 c5 2. Nf3 e6 3. d4 cxd4 4. Nxd4 Nf6 5. Nc3 Nc6 6. Ndb5 Bc5 7. Bf4 O-O 8. Bd6 Qb6 9. Bxc5 Qxc5 10. Qd6 Qb6 11. Bd3 a6 12. Nc7 Ra7 13. O-O Qxb2 14. Na4 Qe5 15. Qxe5 Nxe5 16. Nb6 d6 17. f4 Ned7 18.
Nca8 Nxb6 19. Nxb6 Nd7 20. Nc4 d5 21. exd5 exd5 22.
Ne3 Nf6 23. Rfd1 b5 24. a4 d4 25. Nf5 Bxf5 26. Bxf5 bxa4 27. Rxd4 g6 28. Bd3 Re8 29.
Rdxa4 Nd5 30. g3 Rae7 31. Rxa6 Nb4 32. Ra7 Nxd3 33. cxd3 Re2 34. R1a2 R2e3 35. Rd2 Rd8 36. d4 Rd5 37. Kf2 Rb3 38. Raa2 Rb4 39. Ke3 Kg7 40.
Ke4 Rd8 41. g4 Rb1 42. Re2 Rb4 43. Rad2 Re8+ 44. Kd3 Rd8 45. Kc3 Ra4 46. g5 Ra3+ 47. Kc4 Rf3 48. d5 Rxf4+ 49. Rd4 Rf5 50. h4 h6 51.
gxh6+ Kxh6 52. Kc5 Kh5 53. Kc6 Rf1 54. Kc7 Ra8 55.
Rc2 Re1 56. d6 Ree8 57. Rc5+ Kh6 58. d7 Red8 59. Re5 Kg7 60. Rc5 Rh8 61. Kd6 Kf6 62. Rf4+ Kg7 63. Rfc4 Ra6+ 64. Rc6 Raa8 65. Rc8 Ra6+ 66.
R4c6 Rxc6+ 67. Kxc6 1-0

[Event "*** SCC Grand Prix: Titled Tuesday Blitz"]
[Site "Chess.com"]
[Date "2020.07.14"]
[Round "1"]
[White "nocnypako"]
[Black "MF1966Idrisov"]
[Result "0-1"]
[WhiteElo "2596"]
[BlackElo "2319"]
[TimeControl "180+1"]
[EndTime "10:08:53 PDT"]
[Termination "MF1966Idrisov won on time"]

1. d4 d6 2. e4 Nf6 3. Nc3 g6 4. Nf3 Bg7 5. Be2 O-O 6. O-O c6 7. a4 Qc7 8. h3 Nbd7 9. Bg5 e5 10. Re1 Re8 11. dxe5 dxe5 12. Qc1 Nf8 13. Bh4 Ne6 14. Bg3 Nh5 15. Bh2 Nhf4 16. Bf1 Bd7 17. Rd1 Rad8 18. Qe3 b6 19. a5 Bc8 20. a6 h6 21.
Rxd8 Rxd8 22. Rd1 Rxd1 23. Nxd1 g5 24. Qd2 Nd4 25. Nxd4 exd4 26. c3 c5 27. Bxf4 Qxf4 28.
Qxf4 gxf4 29. cxd4 Bxd4 30. Nc3 Bxc3 31. bxc3 Bd7 32.
Bc4 b5 33. Bd5 b4 34. cxb4 cxb4 35. Bc4 Be6 36. Bd3 b3 37. Kf1 b2 38. Ke1 Bc4 39.
Bb1 Bxa6 40. g3 fxg3 41. fxg3 Kg7 42. Kd2 Kf6 43. Kc3 Ke5 44. Kxb2 Bb7 45. Kc3 Bxe4 46. Ba2 Bd5 47. Bb1 a5 48. Bh7 f6 49. h4 Be6 50.
Bd3 Bd7 51. Bc2 a4 52. Kb4 Kd4 53. Bd1 Ke3 54. g4 Kf2 55. Ka3 Kg3 56. g5 fxg5 57. hxg5 hxg5 58. Kb2 Kf4 59. Ka3 Ke3 60. Kb2 Kd2 61.
Bh5 Ke3 62. Ka3 Kd4 63. Kb2 Kc5 64. Ka3 Bc6 65. Be2 Bb5 66. Bh5 Bc6 67. Bg4 Kd4 68.
Kb4 Ke3 69. Ka3 Bf3 70. Be6 Bd1 71. Bd7 Bb3 72. Bc8 Kf4 73. Bd7 Bc2 74. Bc8 Bf5 75. Bb7 g4 76. Kxa4 Be4 77. Bc8 g3 78. Bh3 Kg5 79. Kb4 Kf4 80. Kc3 Ke3 81. Kb2 Kf2 82.
Kc3 Bf5 0-1

[Event "*** SCC Grand Prix: Titled Tuesday Blitz"]
[Site "Chess.com"]
[Date "2020.07.14"]
[Round "1"]
[White "BilodeauA"]
[Black "SaqoChess_Twitch"]
[Result "1-0"]
[WhiteElo "2816"]
[BlackElo "2413"]
[TimeControl "180+1"]
[EndTime "10:08:55 PDT"]
[Termination "BilodeauA won by checkmate"]

1. e4 c5 2. Nf3 d6 3. d4 cxd4 4.
Nxd4 Nf6 5. Nc3 g6 6. Be3 Bg7 7. f3 O-O 8. Qd2 Nc6 9. Bc4 Bd7 10. O-O-O Rc8 11. Bb3 Nxd4 12. Bxd4 b5 13. Nd5 Nxd5 14. Bxg7 Kxg7 15. exd5 a5 16. a3 b4 17. axb4 axb4 18. Qxb4 Rb8 19. Qd4+ Kg8 20. Bc4 Qa5 21. b3 Rfc8 22.
g4 Bb5 23. Bxb5 Rxb5 24. Kb2 Rxc2+ 25. Kxc2 Qa2+ 26. Kd3 Rxb3+ 27. Qc3 Rxc3+ 28. Kxc3 Qa3+ 29. Kc4 Qxf3 30. h3 Kg7 31. Rde1 Qf4+ 32. Kc3 e5 33. dxe6 fxe6 34. Rhf1 Qg3+ 35. Kb4 e5 36. Rc1 Qxh3 37. g5 Qh4+ 38. Rc4 Qh3 39. Rc7+ Kg8 40. Ra1 Qg4+ 41.
Kb5 Qe2+ 42. Kc6 Qc4+ 43. Kd7 Qf7+ 44. Kxd6 Qf8+ 45. Kc6 Qe8+ 46. Kd6 Qd8+ 47. Kc6 Qe8+ 48. Kd6 e4 49. Raa7 Qd8+ 50. Kc5 Qxg5+ 51. Kb6 Qf6+ 52.
Kb5 Qe5+ 53. Kc4 Qe6+ 54. Kd4 Qf6+ 55. Kxe4 Qf8 56. Rxh7 Qb4+ 57. Kd5 Qb5+ 58. Ke4 Qc6+ 59. Ke5 Qc5+ 60. Ke6 Qf5+ 61. Kd6 g5 62. Rhg7+ Kf8 63. Rgb7 Qf6+ 64. Kd5 Qf5+ 65. Kd4 Qf4+ 66. Kc5 Qe5+ 67.
Kb6 Qd6+ 68. Ka5 Qc5+ 69. Ka6 Qc6+ 70. Rb6 Qc4+ 71. Rb5 g4 72. Rd7 g3 73. Ka5 Qa2+ 74. Kb4 Qf2 75. Rb8# 1-0

[Event "*** SCC Grand Prix: Titled Tuesday Blitz"]
[Site "Chess.com"]
[Date "2020.07.14"]
[Round "1"]
[White "mishikomchedlishvili"]
[Black "KetiGrant"]
[Result "1-0"]
[WhiteElo "2755"]
[BlackElo "2393"]
[TimeControl "180+1"]
[EndTime "10:08:55 PDT"]
[Termination "mishikomchedlishvili won on time"]

1. d4 d5 2. g3 g6 3. Bg2 Bg7 4. Nf3 Nf6 5. c4 c6 6. Qb3 O-O 7. Nc3 dxc4 8. Qxc4 b5 9. Qd3 Bb7 10. O-O Nbd7 11. Rd1 a6 12. e4 b4 13. Na4 Qa5 14.
b3 c5 15. e5 Nd5 16. Bb2 Rad8 17. e6 fxe6 18. Ng5 cxd4 19. Nxe6 Ne5 20. Qd2 Nf3+ 21.
Bxf3 Rxf3 22. Nxd8 Qxd8 23. Bxd4 e5 24. Be3 Qe8 25.
Nc5 Ba8 26. Qe2 Nxe3 27. fxe3 Qc6 28. Rd8+ Rf8 29. Qc4+ Kh8 30. Rxa8 Rxa8 31. Rd1 Bh6 32. Qd5 Bxe3+ 33. Kg2 Qxd5+ 34. Rxd5 Rc8 35. Ne6 Bd4 36. Kf3 Kg8 37. Nxd4 exd4 38. Rxd4 a5 39. Rd5 Rc2 40. Rxa5 Rxh2 41. Ra4 Kf7 42. Kg4 Kf6 43. Kf3 h5 44. Ra6+ Kf5 45. Ra5+ Kf6 46. Ra4 g5 47. Rxb4 Rxa2 48.
Rb6+ Kf5 49. Rb5+ Kf6 50. Rb6+ Kf5 51. Rb5+ Kf6 52. b4 Ra3+ 53. Kf2 g4 54. Rxh5 Rf3+ 55. Kg2 Rb3 56. b5 Rb2+ 57. Kf1 Kg6 58. Rd5 Kf6 59. Rc5 Rb3 60. Kf2 Rf3+ 61. Kg2 Rb3 62. Rc6+ Kf5 63. b6 Ke4 64. Kf2 Rb2+ 65. Ke1 Kf3 66. Rf6+ Kxg3 67. Kf1 1-0

[Event "*** SCC Grand Prix: Titled Tuesday Blitz"]
[Site "Chess.com"]
[Date "2020.07.14"]
[Round "1"]
[White "tan275"]
[Black "ENEASZ"]
[Result "0-1"]
[WhiteElo "2267"]
[BlackElo "2579"]
[TimeControl "180+1"]
[EndTime "10:08:55 PDT"]
[Termination "ENEASZ won by checkmate"]

1. d4 d5 2. c4 e6 3. Nf3 Nf6 4.
g3 Be7 5. Bg2 O-O 6. O-O dxc4 7.
Qa4 a6 8. Qxc4 b5 9. Qc2 Bb7 10. Bd2 Nbd7 11. Ba5 Be4 12. Qxc7 Qxc7 13. Bxc7 Rac8 14.
Ba5 Rc2 15. Nbd2 Rxb2 16. Nxe4 Nxe4 17. Ne5 Nxe5 18. dxe5 Nc5 19. Bf3 Bg5 20. h4 Bd2 21.
Bb6 Na4 22. Bd4 Bc3 23. Rfd1 g6 24. a3 Rd8 25. Bxc3 Rxd1+ 26. Rxd1 Nxc3 27. Rd6 Nxe2+ 28.
Bxe2 Rxe2 29. Rxa6 Rxe5 30. Ra5 Re1+ 31. Kg2 Rb1 32.
Ra8+ Kg7 33. Rb8 Kf6 34. a4 b4 35. a5 b3 36. a6 Ra1 37. Rxb3 Rxa6 38. Rb5 Ra3 39.
Rc5 h5 40. Rb5 e5 41. Rc5 Kf5 42. Rc7 f6 43. Rc6 Ra5 44. Rb6 Rd5 45. Rc6 Rd7 46.
Rb6 Rf7 47. Ra6 e4 48. Ra5+ Kg4 49. Ra6 Rf8 50. Re6 Kf5 51. Ra6 Re8 52. Ra5+ Re5 53. Ra6 Re6 54. Ra5+ Kg4 55. Ra4 Kf5 56. Ra5+ Re5 57.
Ra3 Rd5 58. Ra4 Ke5 59. Ra3 g5 60. Ra6 gxh4 61. gxh4 Kf5 62. Ra8 Kg4 63. Rf8 Rf5 64. Rg8+ Kxh4 65. Rg3 Rg5 66. Rxg5 fxg5 67. Kh2 Kg4 68.
Kg2 h4 69. Kh2 Kf3 70. Kh3 Kxf2 71. Kh2 e3 72. Kh1 e2 73. Kh2 e1=Q 74. Kh3 Qe3+ 75.
Kh2 Qg3+ 76. Kh1 Qg1# 0-1

[Event "*** SCC Grand Prix: Titled Tuesday Blitz"]
[Site "Chess.com"]
[Date "2020.07.14"]
[Round "1"]
[White "Ceejay271"]
[Black "Paladin61"]
[Result "0-1"]
[WhiteElo "2337"]
[BlackElo "2654"]
[TimeControl "180+1"]
[EndTime "10:08:57 PDT"]
[Termination "Paladin61 won on time"]

1. d4 Nf6 2. c4 g6 3. Nc3 Bg7 4. e4 d6 5. Nf3 O-O 6. Be2 e5 7. d5 a5 8. Bg5 h6 9. Be3 Ng4 10. Bd2 f5 11. h3 Nf6 12. exf5 gxf5 13. Qc1 f4 14. g3 e4 15. Nh4 e3 16. fxe3 fxg3 17.
Ng6 Re8 18. Nf4 Na6 19. Rg1 Nc5 20. Bf3 Bf5 21. Rxg3 Kh7 22. Kf2 Rg8 23. Qg1 Qe7 24. Qg2 Bh8 25. Rg1 Qf7 26. e4 Rxg3 27. Qxg3 Nfxe4+ 28. Nxe4 Nxe4+ 29. Bxe4 Bxe4 30. b3 Rf8 31. Ke1 Be5 32.
Rf1 Qf5 33. Qg1 Rg8 34. Qe3 Bc2 35. Ne6 Bg3+ 36. Ke2 Qh5+ 37. Qf3 Bg6 38. Qxh5 Bxh5+ 39. Kd3 Be5 40. Nxc7 Rg3+ 41. Kc2 Bg6+ 42. Kc1 a4 43. Ne6 Bd3 44. Rf7+ Kg6 45. Rxb7 Rg1+ 46. Be1 Be4 47.
Kd2 Rg2+ 48. Ke3 Bf5 49. Nf8+ Kh5 50. Ne6 Rxa2 51. bxa4 Ra3+ 52. Kf2 Rxa4 53. Bd2 Ra2 54. Ke1 Ra1+ 55. Ke2 Ra2 56. Ke1 Bxh3 57. Ng7+ Kg4 58. Rf7 Bg3+ 59. Ke2 Bg2 60. Nf5 Be5 0-1

[Event "*** SCC Grand Prix: Titled Tuesday Blitz"]
[Site "Chess.com"]
[Date "2020.07.14"]
[Round "1"]
[White "Roza_Idrisova"]
[Black "Andrei_Belozerov"]
[Result "0-1"]
[WhiteElo "2243"]
[BlackElo "2571"]
[TimeControl "180+1"]
[EndTime "10:08:57 PDT"]
[Termination "Andrei_Belozerov won on time"]

1. d4 d5 2. Nf3 Nf6 3. Bg5 Ne4 4. Bf4 c5 5. c3 Nc6 6. e3 Qb6 7. Qb3 c4 8. Qxb6 axb6 9. Nbd2 Bf5 10. Be2 b5 11. a3 e6 12. O-O Be7 13. h3 O-O 14. Nxe4 Bxe4 15. Nd2 Bg6 16. Bf3 Rfd8 17. Rfe1 Bd3 18. e4 dxe4 19. Bxe4 Bxe4 20. Nxe4 Rd5 21.
Rad1 Rad8 22. Rc1 h5 23. Re2 Bf8 24. Rce1 R8d7 25. Ng5 Rf5 26. Bc1 Ne7 27. Nf3 Rfd5 28. Ne5 Rd8 29. g4 hxg4 30. hxg4 R5d6 31. Kg2 Nd5 32.
Kg3 f6 33. Nf3 Kf7 34. Rh1 R6d7 35. Nh4 Bd6+ 36. Kg2 Rh8 37. Ree1 Rdd8 38. Nf3 Bf4 39. Nd2 g5 40. Kf3 Kg6 41. Ne4 Bxc1 42. Rxc1 Nf4 43. Nc5 b6 44. Ne4 Nd3 45. Rxh8 Rxh8 46. Rb1 Rh3+ 47.
Kg2 Nf4+ 48. Kg1 Rd3 49. Nd6 e5 50. dxe5 fxe5 51. Nxb5 Nh3+ 52. Kg2 Nf4+ 53. Kg1 Kf6 54. a4 Ke6 55. Na3 Kd5 56. Nc2 Ke4 57. Ne3 Rd2 58. Nxc4 Rc2 59. Nd6+ Kf3 60. Nf5 Nh3+ 61. Kh2 Nxf2 62.
Rf1 Kxg4 63. Ne3+ Kf3 64. Nxc2 g4 65. Rxf2+ Kxf2 66. b4 g3+ 67. Kh3 g2 68. Kg4 g1=Q+ 69. Kf5 Qb1 70. Kxe5 Qxc2 71. Kd4 Qxa4 0-1

[Event "*** SCC Grand Prix: Titled Tuesday Blitz"]
[Site "Chess.com"]
[Date "2020.07.14"]
[Round "1"]
[White "ace_mar"]
[Black "amintabatabaei"]
[Result "0-1"]
[WhiteElo "2447"]
[BlackElo "3013"]
[TimeControl "180+1"]
[EndTime "10:08:58 PDT"]
[Termination "amintabatabaei won by resignation"]

1. d4 Nf6 2. c4 g6 3. g3 c6 4. Bg2 d5 5. Qa4 Bg7 6. cxd5 Nxd5 7. Nf3 O-O 8. O-O Nb6 9. Qc2 a5 10. Nc3 Na6 11. e4 Bg4 12. Rd1 a4 13. Bf4 Nb4 14.
Qd2 a3 15. b3 Nd7 16. h3 Bxf3 17. Bxf3 e5 18. Be3 exd4 19. Bxd4 Ne5 20. Be2 Qa5 21.
Na4 Rad8 22. Qc3 Rxd4 23. Rxd4 Nf3+ 24. Bxf3 Bxd4 25. Qxd4 Nc2 26. Qd1 Nxa1 27. Qxa1 Qd2 28. Kg2 Qc2 29. e5 Re8 30. Nb6 Qd2 31. Nc4 Qb4 32.
Qd4 Qe7 33. Nd6 Qxe5 34. Qxe5 Rxe5 35. Nxb7 Rb5 36. Nd6 Rxb3 37. Nc4 Rc3 38. Na5 Rc2 39.
Nxc6 Rxa2 40. Nb4 Rb2 41. Nd3 a2 42. Nxb2 a1=Q 43. Nd3 Qd4 44. Nf4 Kg7 45. Ne2 Qe5 46. Nf4 g5 47. Nd3 Qd4 48. Nc1 Qd2 49. Ne2 f5 50.
Ng1 Kg6 51. Ne2 h5 52. g4 fxg4 53. hxg4 h4 54. Ng1 Qf4 55. Nh3 Qe5 56. Ng1 Kf6 57. Nh3 Ke6 58. Ng1 Kd6 59. Nh3 Kc5 60. Ng1 Kc4 61. Nh3 Kc3 62. Ng1 Kc2 63. Nh3 Kd2 64.
Ng1 Ke1 65. Nh3 Qc5 66. Ba8 Qa7 67. Bf3 Qd4 68. Ba8 Qxg4+ 69. Kh2 Qf5 70. Bg2 g4 71. Ng1 Kxf2 0-1

[Event "*** SCC Grand Prix: Titled Tuesday Blitz"]
[Site "Chess.com"]
[Date "2020.07.14"]
[Round "1"]
[White "bazar-wokzal"]
[Black "Sankalp_Gupta2003"]
[Result "1-0"]
[WhiteElo "2418"]
[BlackElo "2779"]
[TimeControl "180+1"]
[EndTime "10:08:59 PDT"]
[Termination "bazar-wokzal won by checkmate"]

1. e4 e6 2. d4 d5 3. exd5 exd5 4.
Nf3 Nc6 5. Bd3 Bd6 6. O-O Nge7 7. Re1 Bg4 8. c3 Qd7 9. Nbd2 O-O-O 10. b4 Rde8 11.
Nb3 f6 12. b5 Nd8 13. Nc5 Bxc5 14. dxc5 Ng6 15. Bd2 Ne5 16. Nxe5 fxe5 17. c6 Qe6 18.
Qa4 Kb8 19. cxb7 Bf5 20. Be3 Kxb7 21. Qa6+ Qxa6 22. bxa6+ Kc6 23. Bxf5 Nf7 24. Rab1 Nd6 25. Bc2 Kd7 26. Bc5 e4 27. Ba4+ c6 28. Bxd6 Kxd6 29.
Rb7 Re7 30. Reb1 Rhe8 31. Kf1 e3 32. fxe3 Rxe3 33. Rxa7 Rf8+ 34. Kg1 Re2 35. Rxg7 Rxa2 36. Bd1 Rxa6 37. Rxh7 Ra3 38. Bf3 Rxc3 39. h4 Rg8 40. Rh6+ Kc5 41. Kh2 Rc2 42. h5 Rf8 43. Kh3 Kd4 44. Rg6 Ke5 45. h6 c5 46. h7 Rh8 47.
Rg7 Ra2 48. Re7+ Kf6 49. Rc7 d4 50. Rb6+ Ke5 51. Rg6 Rb2 52. Rg8 Rb8 53. Rxc5+ Kf4 54. Rxh8 Rxh8 55. Rh5 d3 56. Kh4 d2 57. Rh6 Kf5 58.
Kh5 Kf4 59. Kg6 Ke3 60. Kg7 Rd8 61. h8=Q Rxh8 62. Kxh8 Kf4 63. Rd6 Ke3 64. Rxd2 Kxd2 65. g4 Ke3 66. g5 Kxf3 67. g6 Kf4 68. g7 Kf5 69. g8=Q Ke5 70. Qc4 Kf5 71. Kg7 Kg5 72. Qe4 Kh5 73. Kf6 Kh6 74. Qh4# 1-0

[Event "*** SCC Grand Prix: Titled Tuesday Blitz"]
[Site "Chess.com"]
[Date "2020.07.14"]
[Round "1"]
[White "volcanoexplorer"]
[Black "RusPakhom"]
[Result "1-0"]
[WhiteElo "2583"]
[BlackElo "2271"]
[TimeControl "180+1"]
[EndTime "10:08:59 PDT"]
[Termination "volcanoexplorer won by resignation"]

1. e4 c5 2. Nf3 g6 3. d4 cxd4 4. Nxd4 Nc6 5. Be3 Bg7 6. Nc3 Nf6 7.
Bc4 O-O 8. Bb3 Ng4 9. Qxg4 Nxd4 10. O-O d6 11. Qd1 Nxb3 12. axb3 a6 13. Qd3 b5 14. Bd4 Bb7 15. Bxg7 Kxg7 16. Qd4+ Kg8 17. Rfd1 Rc8 18.
Rd2 Qc7 19. Rad1 Qc5 20. b4 Qxd4 21. Rxd4 Rc7 22. f4 Rfc8 23. Kf2 Kg7 24. e5 dxe5 25. fxe5 Rc4 26. Rd7 Bc6 27. R7d4 Rxd4 28. Rxd4 Rc7 29. g3 f6 30. exf6+ Kxf6 31. Ke3 e5 32. Rd8 Bb7 33. h4 h5 34. Rd6+ Kf5 35. Rb6 g5 36. hxg5 Kxg5 37. Ne2 Bc8 38. c3 Rf7 39. Ng1 Bb7 40.
Re6 Kg4 41. Re8 Kxg3 42. Rxe5 h4 43. Rg5+ Kh2 44. Ne2 Rf3+ 45. Kd2 h3 46. Ke1 Rd3 47. Rg7 Bf3 48. Nf4 Rd1+ 49. Kf2 Be4 50. Rh7 Rd2+ 51.
Ke3 Rxb2 52. Rxh3+ Kg1 53. Kxe4 Ra2 54. Rd3 a5 55.
bxa5 Rxa5 56. Nd5 Ra4+ 57. Nb4 Kf2 58. Kd5 Ke2 59. Kc5 Ra8 60. Kxb5 Rb8+ 61. Kc4 Rc8+ 62.
Kb3 Rb8 63. Rd7 Ke3 64. c4 Ke4 65. c5 Ke5 66. Kc4 Ke6 67. Rd1 Rc8 68. c6 Rh8 69. Kc5 Rh5+ 70. Kb6 Rh4 71. Re1+ Kd6 72. Rd1+ Ke7 73.
Na6 Rh8 74. c7 Rc8 75. Kb7 1-0

[Event "*** SCC Grand Prix: Titled Tuesday Blitz"]
[Site "Chess.com"]
[Date "2020.07.14"]
[Round "1"]
[White "OhanyanEminChess"]
[Black "pirulillo"]
[Result "1-0"]
[WhiteElo "2507"]
[BlackElo "2134"]
[TimeControl "180+1"]
[EndTime "10:08:59 PDT"]
[Termination "OhanyanEminChess won on time"]

1. e4 c5 2. Nf3 e6 3. d4 cxd4 4. Nxd4 Nf6 5. Nc3 Nc6 6. Nxc6 bxc6 7. e5 Nd5 8. Ne4 Bb7 9. c4 Nb4 10. a3 c5 11. axb4 Bxe4 12. b5 d6 13. exd6 Bxd6 14.
Bd3 Bb7 15. Qg4 g6 16. Bg5 Be7 17. Bxe7 Qxe7 18. O-O O-O 19. Rfd1 Rfd8 20. Bf1 a6 21. Rxd8+ Qxd8 22. bxa6 Rxa6 23. Rxa6 Bxa6 24. Qf4 Qb6 25. Qe5 Qb4 26. b3 Qxb3 27. Qxc5 Qa2 28. Qb6 Bxc4 29. Qd8+ Kg7 30. Qd4+ Kg8 31. Bxc4 Qb1+ 32. Bf1 Qc1 33. h3 Qg5 34. Qe4 Qe7 35. Qa8+ Kg7 36. Qa1+ f6 37. Qe1 e5 38. Qe4 Qf7 39. g3 Qe7 40. Bg2 Qf7 41.
h4 Kh8 42. Qa8+ Kg7 43. Bd5 Qe7 44. Qg8+ Kh6 45. Qc8 Kg7 46. Qc1 Qd6 47. Bg2 f5 48.
h5 e4 49. h6+ Kf6 50. Qc3+ Qe5 51. Qc6+ Kg5 52. Qc1+ f4 53. gxf4+ Qxf4 54. Qxf4+ Kxf4 55. Kh2 e3 56. fxe3+ Kxe3 57. Kg3 Kd4 58. Kf4 Kc5 59. Ke5 g5 60. Kf6 g4 61. Kg7 Kd6 62. Kxh7 Ke7 63. Kg7 g3 64. h7 Ke6 65. h8=Q 1-0

[Event "*** SCC Grand Prix: Titled Tuesday Blitz"]
[Site "Chess.com"]
[Date "2020.07.14"]
[Round "1"]
[White "Harsha_Bharathakoti"]
[Black "juniortay"]
[Result "1/2-1/2"]
[WhiteElo "2780"]
[BlackElo "2410"]
[TimeControl "180+1"]
[EndTime "10:09:01 PDT"]
[Termination "Game drawn by repetition"]

1. d4 d5 2. c4 e6 3. Nf3 c5 4. cxd5 exd5 5. Nc3 Nc6 6. e3 Nf6 7. Bb5 cxd4 8. Nxd4 Bd7 9. O-O Bd6 10. Be2 O-O 11. b3 Nxd4 12. Qxd4 Qc7 13. Bb2 Bxh2+ 14.
Kh1 Be5 15. Qh4 Bxc3 16. Rac1 Ne4 17. Bd3 Qd8 18. Qxd8 Rfxd8 19. Bxc3 Nxc3 20. Rxc3 Bc6 21. Rc5 a5 22. Rfc1 Kf8 23. Kg1 Ke7 24. f3 Kd6 25.
Kf2 Re8 26. R5c3 Re5 27. a3 Rae8 28. Bf1 h5 29. b4 axb4 30. axb4 R8e7 31. Ra1 g5 32. b5 Be8 33. Ra8 h4 34. Rd8+ Rd7 35. Rb8 Rc7 36. Ra3 Rc2+ 37. Kg1 d4 38. Rd8+ Kc7 39. Rxd4 Rc1 40. Rc4+ Rxc4 41. Bxc4 Kb6 42. Ra8 Bxb5 43. Bxf7 Rxe3 44. Rg8 Re5 45. Kf2 Bc6 46.
g3 hxg3+ 47. Kxg3 Kc5 48. f4 gxf4+ 49. Kxf4 Re4+ 50. Kf5 Rd4 51. Ke5 Rd2 52. Rc8 Re2+ 53. Kf6 Rf2+ 54. Ke7 Re2+ 55. Kf6 Kb6 56. Be6 Rf2+ 57.
Ke5 Re2+ 58. Kd6 Rd2+ 59. Ke5 Rd1 60. Rh8 Kc5 61. Rh2 Re1+ 62. Kf6 b5 63. Rc2+ Kb6 64. Bg4 Rf1+ 65. Ke5 Re1+ 66. Re2 Rc1 67. Be6 b4 68. Kd4 Rc3 69. Re3 Rc5 70. Kd3 Kb5 71. Kd2 Ka4 72.
Bb3+ Kb5 73. Rg3 Bd5 74. Bxd5 Rxd5+ 75. Kc2 Rc5+ 76. Kb2 Rf5 77. Kb3 Rd5 78. Rh3 Rc5 79. Rg3 Rh5 80. Rf3 Kc5 81. Rg3 Rd5 82. Rf3 Rd4 83.
Rf5+ Kc6 84. Rh5 Rg4 85. Rf5 Rh4 86. Rg5 Kb6 87. Rf5 Rg4 88. Re5 Kc6 89. Rf5 Kb6 90.
Re5 Kc6 91. Rf5 1/2-1/2

[Event "*** SCC Grand Prix: Titled Tuesday Blitz"]
[Site "Chess.com"]
[Date "2020.07.14"]
[Round "1"]
[White "Diego_FloresQ"]
[Black "WonderChampion"]
[Result "1-0"]
[WhiteElo "2471"]
[BlackElo "2022"]
[TimeControl "180+1"]
[EndTime "10:09:02 PDT"]
[Termination "Diego_FloresQ won by resignation"]

1. e4 c5 2. Nf3 g6 3. d4 cxd4 4. Qxd4 Nf6 5. Nc3 Nc6 6. Qa4 d6 7. e5 dxe5 8. Nxe5 Bd7 9. Nxd7 Qxd7 10. Be2 Bg7 11. O-O O-O 12. Be3 Rfd8 13. Rad1 Qe8 14. Nb5 Nd5 15. Rd4 Nxd4 16. Bxd4 Bxd4 17. Qxd4 Nc7 18.
Nxc7 Rxd4 19. Nxe8 Rxe8 20. Bd3 e5 21. f3 f5 22. Kf2 e4 23. fxe4 fxe4 24. Ke3 Rb4 25. Be2 Rxb2 26. Bc4+ Kg7 27. Bb3 Rf8 28. Rd1 Kh6 29.
Re1 a5 30. a4 Rb8 31. Kd4 Rc8 32. Rxe4 Rcxc2 33. Bxc2 Rxc2 34. Rg4 Rc7 35. Ke5 Kg7 36. Kd6 Rc6+ 37. Kd7 Kf6 38. h4 Kf5 39.
Rg5+ Kf6 40. Rxa5 Rc4 41. h5 g5 42. Rb5 Rxa4 43. Rb6+ Kf5 44. Rh6 Rd4+ 45. Kc7 b5 46. Rxh7 b4 47. Kc6 b3 48. Rb7 Rd3 49. h6 Kg6 50. h7 Rd8 51. Kc5 Rh8 52. Kd5 Rxh7 53.
Rxb3 Rg7 54. Ke5 Rf7 55. Rb6+ Kh5 56. Rb4 Re7+ 57. Kf6 Re8 58. Rb5 Rg8 59. Rb4 Rg6+ 60. Kf5 Rd6 61. g4+ Kh4 62. Re4 Rd5+ 63. Ke6 Rd1 64.
Kf5 Rg1 65. Re1 Rf1+ 66. Rxf1 Kg3 67. Kxg5 Kg2 68. Rf5 Kg3 69. Kg6 Kg2 70. g5 Kg3 71. Kg7 Kg2 72. g6 1-0

[Event "*** SCC Grand Prix: Titled Tuesday Blitz"]
[Site "Chess.com"]
[Date "2020.07.14"]
[Round "1"]
[White "XDPS"]
[Black "Irishchessman16"]
[Result "0-1"]
[WhiteElo "2697"]
[BlackElo "2393"]
[TimeControl "180+1"]
[EndTime "10:09:05 PDT"]
[Termination "Irishchessman16 won on time"]

1. d4 d5 2. Bf4 Nf6 3. e3 c5 4.
Nf3 Nc6 5. Nbd2 e6 6. c3 cxd4 7.
exd4 Nh5 8. Be3 Bd6 9. g3 O-O 10.
Bd3 f5 11. Ne5 Qe8 12. f4 Nf6 13. Ndf3 Ne4 14. Qe2 Bd7 15. O-O-O Rb8 16. Kb1 b5 17. Rhg1 b4 18. c4 Nc3+ 19. bxc3 bxc3+ 20. Ka1 Rb2 21. Rd2 Rxd2 22. Nxd2 cxd2 23. Qxd2 Bb4 24. Qc2 Nxe5 25. dxe5 Ba4 26. Qb2 Qe7 27. Rb1 a5 28. cxd5 exd5 29. Bd4 Qe6 30. Rc1 Rc8 31. Bb1 g6 32. a3 Be7 33. Ba2 Rxc1+ 34. Qxc1 Qc6 35. Bb2 Kf7 36. Qd2 Ke6 37. Qxa5 Bb5 38. Qd2 Bc4 39. Bb1 Bc5 40. g4 Qa6 41. gxf5+ gxf5 42. Qc3 d4 43. Qh3 d3 44. Qh6+ Kd5 45. Qxa6 Bxa6 46. Bc3 Bd4 47. Kb2 d2 48. Bc2 Be2 49. Bxd4 Kxd4 50. e6 d1=Q 51. Bxd1 Bxd1 52. e7 Ba4 53. h4 Kd5 54. Kc3 Ke6 55.
Kb4 Be8 56. a4 Kxe7 57. a5 Bc6 58. Kc5 Kd7 59. Kb6 Bf3 60. a6 Ke6 61. a7 Ba8 62. Kc7 Bg2 63. Kd8 Ba8 64. Kc7 Kd5 65. Kd7 Ke4 66. Kc7 Kxf4 67. Kb8 Be4 68. h5 Kg5 69. h6 Kxh6 70. Kc7 Kg5 71. Kd6 f4 72. Ke5 Ba8 73. Kd4 f3 74. Ke3 Kg4 75. Kf2 Kf4 76. Kg1 Kg3 77. Kf1 f2 78. Ke2 Kg2 79. Ke3 f1=Q 0-1

[Event "*** SCC Grand Prix: Titled Tuesday Blitz"]
[Site "Chess.com"]
[Date "2020.07.14"]
[Round "1"]
[White "WeAintSurePal"]
[Black "Denmark2015"]
[Result "1/2-1/2"]
[WhiteElo "2272"]
[BlackElo "2569"]
[TimeControl "180+1"]
[EndTime "10:09:06 PDT"]
[Termination "Game drawn by stalemate"]

1. d4 e6 2. Nf3 f5 3. h3 Nf6 4. g4 Ne4 5. Nc3 Bb4 6. Bd2 Nxd2 7. Qxd2 O-O 8. gxf5 exf5 9. Qd3 d5 10. h4 Nd7 11.
O-O-O Nf6 12. Ne5 Ne4 13. Nxe4 fxe4 14. Qe3 Qf6 15. Qb3 Bd6 16. Qxd5+ Be6 17. Qxe4 Qxf2 18. e3 c6 19. Bc4 Rae8 20. Bxe6+ Rxe6 21. Rhg1 Qf6 22. Rg5 h6 23. Rg4 Bxe5 24. dxe5 Qxe5 25. Qxe5 Rxe5 26. Rd7 Rf7 27. Rd8+ Kh7 28. Ra8 b6 29. Ra4 a5 30. Rb8 Rb5 31. Re4 h5 32. Re6 Rf6 33. Rxf6 gxf6 34. Rc8 Rc5 35. Rc7+ Kg6 36. Rb7 b5 37.
Kd2 a4 38. Rb8 Rd5+ 39. Ke2 Kf5 40. Rc8 Rc5 41. c3 Kg4 42. Rf8 Kf5 43. Kf3 Rc4 44. Rc8 Ke5 45. Re8+ Kf5 46. Rg8 Rxh4 47. Rc8 Rh2 48.
Rxc6 Rxb2 49. Rc5+ Kg6 50. a3 f5 51. Kf4 Rf2+ 52. Kg3 Rc2 53. Kf4 Rc1 54. Rc6+ Kg7 55.
Kxf5 Rd1 56. e4 Rf1+ 57. Kg5 Re1 58. Rc5 h4 59. Kxh4 Rxe4+ 60. Kg5 Re3 61. Rc7+ Kf8 62. Kf4 Re1 63. Rc5 Ra1 64. Rxb5 Rxa3 65. Ra5 Ke7 66. Ke4 Kd6 67. Kd4 Kc6 68. Kc4 Kb6 69. Rg5 Ra1 70. Rg6+ Kc7 71. Kb4 a3 72. Ra6 a2 73. Kb3 Rb1+ 74.
Kxa2 Rb5 75. Rf6 Kd7 76. Rf3 Kd6 77. Ka3 Rb1 78. Rf4 Kd5 79. Rd4+ Kc5 80. Rb4 Rxb4 81. cxb4+ Kb5 82. Kb3 Kb6 83. Ka4 Ka6 84. b5+ Kb6 85. Kb4 Kb7 86. Ka5 Ka7 87. b6+ Kb7 88. Kb5 Kb8 89.
Kc6 Kc8 90. b7+ Kb8 91. Kb6 1/2-1/2